AoeStats
← HK | Jai Guru Deva

Arena

510895310Analyzed
4v4 RM · 16h ago on Oct 3, 2026· 38m 55s· 8 players
Game mode
Random Map
Map size
Large (8 player)
Population
200
Speed
Normal
Resources
Standard
Victory
Conquest
Starting age
Dark Age
Ending age
Imperial Age
RankedLock teamsTeams togetherTeam positionsShared explorationLock speedFull tech treeHidden civsTurbo modeCheats
Victory
Defeat
🇨🇦 Franks · Canada
1374
+13
🇮🇹 Goths · Italy
1320
+15
🇲🇽 Slavs · Mexico
1318
+15
🇲🇽 Poles · Mexico
1318
+15
🇪🇸 Persians · Spain
1363
-16
🇹🇼 Portuguese · Taiwan
1335
-16
🇲🇽 Romans · Mexico
1261
-13
🇦🇺 Bohemians · Australia
1257
-13
Morfeo
10:02 Feudal Age
15:47 Castle Age
13:40 Horse Collar
13:49 Double-Bit Axe
14:07 Horse Collar
15:44 Wheelbarrow
16:49 Bow Saw
20:48 Loom
22:36 Scale Barding Armor
22:53 Heavy Plow
24:45 Hand Cart
25:11 Town Watch
26:09 Gold Mining
27:02 Chain Barding Armor
26:32 Fletching
26:53 Forging
29:55 Imperial Age
27:33 Stone Mining
28:16 Bloodlines
28:09 Husbandry
28:11 Bodkin Arrow
29:37 Iron Casting
30:25 Devotion
30:05 Elite Boyar
32:08 Plate Barding Armor
33:51 Blast Furnace
33:41 Conscription
36:50 Hoardings
37:13 Block Printing
HK | Jai Guru Deva
11:18 Feudal Age
15:17 Castle Age
13:38 Double-Bit Axe
14:28 Horse Collar
23:38 Wheelbarrow
23:23 Bow Saw
23:07 Gold Mining
23:22 Heavy Plow
24:54 Hand Cart
26:22 Hand Cart
28:40 Imperial Age
26:09 Loom
27:05 Scale Mail Armor
27:16 Forging
27:35 Scale Barding Armor
27:40 Forging
28:39 Chain Barding Armor
29:05 Husbandry
29:16 Bloodlines
28:26 Light Cavalry
29:53 Iron Casting
29:27 Winged Hussar
32:24 Lechitic Legacy
33:18 Blast Furnace
34:30 Conscription
35:17 Capped Ram
MLT | Bombad Gastald
0:27 Loom
11:33 Feudal Age
15:17 Castle Age
13:07 Double-Bit Axe
13:43 Horse Collar
16:43 Bow Saw
19:27 Squires
20:45 Scale Mail Armor
20:55 Forging
20:49 Gold Mining
34:52 Chain Mail Armor
Vaingloriousn00b
10:05 Feudal Age
10:04 Loom
10:37 Double-Bit Axe
15:24 Castle Age
13:38 Gold Mining
14:33 Scale Mail Armor
16:50 Bow Saw
22:53 Chain Mail Armor
25:31 Wheelbarrow
25:06 Forging
29:38 Hand Cart
38:31 Imperial Age
38:31 Elite Throwing Axeman
KOF Itachi
10:20 Feudal Age
14:15 Castle Age
12:14 Double-Bit Axe
15:28 Bow Saw
15:12 Horse Collar
21:13 Fletching
21:25 Padded Archer Armor
21:46 Bodkin Arrow
24:03 Town Watch
24:05 Loom
25:10 Wheelbarrow
29:58 Bodkin Arrow
30:19 Leather Archer Armor
30:33 Scale Mail Armor
31:20 Forging
31:56 Scale Barding Armor
32:13 Chain Mail Armor
32:33 Squires
31:54 Pikeman
35:11 Iron Casting
37:34 Imperial Age
36:17 Chain Barding Armor
38:53 Conscription
39:45 Blast Furnace
39:16 Ring Archer Armor
alex1993327
0:28 Loom
9:58 Feudal Age
15:48 Castle Age
14:26 Double-Bit Axe
15:20 Stone Mining
18:45 Horse Collar
20:12 Heavy Plow
41:23 Imperial Age
Neinkaiser
8:48 Feudal Age
14:15 Castle Age
12:35 Double-Bit Axe
12:59 Horse Collar
19:42 Wheelbarrow
22:24 Bow Saw
22:56 Loom
23:27 Stone Mining
24:10 Hand Cart
24:38 Heavy Plow
25:35 Scale Barding Armor
27:29 Gold Mining
28:16 Stone Shaft Mining
28:45 Gold Shaft Mining
32:21 Imperial Age
30:17 Forging
30:28 Chain Barding Armor
30:42 Bloodlines
30:32 Husbandry
32:04 Iron Casting
33:53 Plate Barding Armor
34:14 Conscription
36:11 Conscription
37:03 Fletching
38:14 Blast Furnace
36:56 Elite War Elephant
37:48 Devotion
38:36 Masonry
38:47 Ballistics
39:27 Chemistry
ragamuffin
10:28 Feudal Age
11:10 Loom
14:48 Castle Age
12:49 Horse Collar
13:32 Double-Bit Axe
15:01 Wheelbarrow
14:12 Loom
16:23 Bow Saw
17:18 Heavy Plow
21:07 Hand Cart
26:38 Imperial Age
25:52 Chemistry
26:18 Padded Archer Armor
28:47 Town Watch
29:19 Leather Archer Armor
28:45 Pikeman
30:37 Fletching
31:26 Ring Archer Armor
32:02 Bodkin Arrow
32:58 Halberdier
34:07 Town Patrol
34:09 Bracer
34:19 Forging
34:59 Squires
35:14 Forging
36:59 Scale Mail Armor
37:35 Iron Casting
Connection lost

Rejoining the realm…

Still unreachable

The connection could not be restored.

Session expired

The server has moved on; the page needs a fresh start.